 Dungeon Crawl Stone Soup version 0.27-a0-1220-g54dba09ff7 (webtiles) character file.

Game seed: 15282242113551288820

20271 Feb132020 the Covert (level 12, 11/97 HPs)
             Began as a Gnoll Delver on June 6, 2021.
             Was a High Priest of Jiyva.
             Quit the game on level 9 of the Dungeon on June 7, 2021.
             The game lasted 01:01:15 (10841 turns).

Feb132020 the Covert (Gnoll Delver)                Turns: 10841, Time: 01:01:15

Health: 11/97      AC: 11    Str: 11    XL:     12   Next: 77%
Magic:  23/23      EV: 20    Int: 14    God:    Jiyva [*****.]
Gold:   256        SH: 10    Dex: 15    Spells: 26/26 levels left

rFire    . . .     SeeInvis .   a - +3 spear (elec)
rCold    . . .     Faith    .   t - +0 kite shield
rNeg     . . .     Spirit   .   h - +2 robe {Will+}
rPois    .         Reflect  .   (no helmet)
rElec    .         Harm     .   l - scarf {shadows}
rCorr    +         Rampage  .   (no gloves)
Will     +....                  o - +0 pair of boots
Stlth    +++++.....             k - amulet of regeneration
HPRegen  1.26/turn              n - +4 ring of protection
MPRegen  0.18/turn              K - +4 ring of evasion

@: no status effects
A: fangs 1, strong nose, distributed training, eyeballs 1, gelatinous body 1
a: Renounce Religion, Request Jelly, Slimify, Cure Bad Mutation


You were on level 9 of the Dungeon.
You worshipped Jiyva.
Jiyva was extremely pleased with you.
You visited 2 branches of the dungeon, and saw 13 of its levels.
You also visited: Ossuary.

You collected 547 gold pieces.
You spent 291 gold pieces at shops.

Inventory:

Hand Weapons
 a - a +3 spear of electrocution (weapon)
 q - a +0 mace of protection
 I - a +1 vorpal spear
Missiles
 j - 2 atropa-tipped darts (quivered)
 y - 8 curare-tipped darts
 z - 39 poisoned darts
 N - 26 sling bullets
 O - a throwing net
 R - 31 arrows
Armour
 b - a +0 leather armour
 h - a +2 robe of willpower (worn)
 l - a scarf of shadows (worn)
 o - a +0 pair of boots (worn)
 t - a +0 kite shield (worn)
 u - the +1 leather armour of the Forest {rElec rPois rF+++ Str-4}
   (You found it on level 4 of the Dungeon)

   It affects your strength (-4).
   It renders you almost immune to fire.
   It insulates you from electricity.
   It protects you from poison.
 x - a +1 cloak
Jewellery
 i - a ring of flight
 k - an amulet of regeneration (around neck)
 m - a ring of magical power
 n - a +4 ring of protection (left hand)
 v - a ring of see invisible
 J - an amulet of reflection
 K - a +4 ring of evasion (right hand)
Wands
 d - a wand of flame (7)
 g - a wand of digging (3)
 B - a wand of charming (11)
 H - a wand of polymorph (4)
Scrolls
 c - a scroll of fog
 e - a scroll of fear
 p - 4 scrolls of magic mapping
 D - a scroll of summoning
 G - 5 scrolls of teleportation
 L - a scroll of blinking
 P - a scroll of amnesia
 Q - a scroll of identify
Potions
 f - 4 potions of haste
 r - a potion of ambrosia
 s - a potion of cancellation
 w - 2 potions of flight
 A - 3 potions of lignification
 C - a potion of heal wounds
 F - a potion of resistance {unknown}
 M - a potion of curing
Miscellaneous
 E - a condenser vane (inert)


   Skills:
 + Level 10.0 Fighting
 + Level 7.6 Short Blades
 + Level 7.6 Long Blades
 + Level 7.6 Axes
 + Level 7.6 Maces & Flails
 + Level 9.0 Polearms
 + Level 7.6 Staves
 + Level 7.6 Slings
 + Level 7.6 Bows
 + Level 7.6 Crossbows
 + Level 7.6 Throwing
 + Level 7.6 Armour
 + Level 9.0 Dodging
 + Level 11.9 Stealth
 + Level 7.6 Shields
 + Level 7.6 Unarmed Combat
 + Level 7.6 Spellcasting
 + Level 6.3 Conjurations
 + Level 6.3 Hexes
 + Level 6.3 Summonings
 + Level 6.3 Necromancy
 + Level 6.3 Translocations
 + Level 6.3 Transmutations
 + Level 6.3 Fire Magic
 + Level 6.3 Ice Magic
 + Level 6.3 Air Magic
 + Level 6.3 Earth Magic
 + Level 6.3 Poison Magic
 + Level 8.3 Invocations
 + Level 7.6 Evocations


You had 26 spell levels left.
You didn't know any spells.
Your spell library contained the following spells:

 Spells                   Type           Power      Damage    Failure   Level
 Animate Skeleton         Necr           46%        N/A       2%          1
 Freeze                   Ice            92%        1d10      2%          1
 Pain                     Necr           92%        1d8       2%          1
 Shock                    Conj/Air       92%        1d8       2%          1
 Blink                    Tloc           N/A        N/A       4%          2
 Poisonous Vapours        Pois/Air       46%        N/A       4%          2
 Static Discharge         Conj/Air       23%        N/A       4%          2
 Conjure Flame            Conj/Fire      23%        6-21      8%          3
 Frozen Ramparts          Ice            46%        1d6       8%          3
 Gell's Gravitas          Tloc           11%        N/A       8%          3
 Lesser Beckoning         Tloc           11%        N/A       8%          3
 Mephitic Cloud           Conj/Pois/Air  23%        N/A       8%          3
 Ozocubu's Armour         Ice            23%        N/A       8%          3
 Swiftness                Air            23%        N/A       8%          3
 Teleport Other           Tloc           23%        N/A       8%          3
 Vampiric Draining        Necr           11%        2d7       8%          3
 Airstrike                Air            11%        N/A       26%         4
 Animate Dead             Necr           11%        N/A       26%         4
 Hailstorm                Conj/Ice       23%        3d7       26%         4
 Agony                    Necr           23%        N/A       58%         5
 Lightning Bolt           Conj/Air       11%        1d24      58%         5
 Manifold Assault         Tloc           23%        N/A       58%         5
 Metabolic Englaciation   Hex/Ice        11%        N/A       58%         5
 Freezing Cloud           Conj/Ice/Air   11%        6-21      99%         6


Dungeon Overview and Level Annotations

Branches:
Dungeon (9/15)             Temple (0/1) D:6            Lair (4/6) D:8
 Shoals (0/4) Lair:4       Spider (0/4) Lair:4      Ossuary (visited)
    Orc: D:9-12

Altars:
Elyvilon
Nemelex Xobeh
Qazlal
Ru
Sif Muna
Xom
Jiyva

Shops:
D:1 *

Annotations:
D:4 2 transporters, ccder's ghost, amateur GrEE
D:9 Erica


Innate Abilities, Weirdness & Mutations

You have very sharp teeth.
Your uncanny sense of smell can sniff out nearby items.
Your experience applies equally to all skills.
Your body has grown golden eyes which may confuse attackers. (Acc +3)
Your rubbery body absorbs attacks. (AC +1, EV +1)


Message History

The gnoll closely misses you. The orc hits you but does no damage.
You hit something. Lightning courses through something! You bite something.
Something hits you.
* * * LOW HITPOINT WARNING * * *
Something burns you.
* * * LOW HITPOINT WARNING * * *
You hear a distant slurping noise.
You feel better. The gnoll sergeant barely misses you.
The gnoll barely misses you. The orc barely misses you.
You feel much better. Something hits you!
* * * LOW HITPOINT WARNING * * *
Something burns you.
* * * LOW HITPOINT WARNING * * *
The gnoll sergeant hits you but does no damage.
The gnoll drinks a potion.
The gnoll seems to grow stronger.
The orc zaps a wand.
You easily resist.
You closely miss something.
Erica appears from thin air!
Reactivating autopickup.
Erica points at you and mumbles some strange words.
The lance of force hits you!
* * * LOW HITPOINT WARNING * * *
You are knocked back by the lance of force.
You collide with the gnoll!
* * * LOW HITPOINT WARNING * * *
You block the gnoll sergeant's attack.
You hear a distant slurping noise.
Jiyva appreciates your sacrifice.
You feel better.
You hear a squelching noise.
The gnoll misses you. You block the orc's attack.
Your shield prevents you from hitting the gnoll.
You bite the gnoll, but do no damage.
The gnoll is heavily wounded.
Erica mumbles some strange words.
Erica flickers and vanishes!
Deactivating autopickup; reactivate with Ctrl-A.
The gnoll sergeant hits you from afar with a +0 spear.
* * * LOW HITPOINT WARNING * * *
You block the gnoll's attack.
Are you sure you want to abandon this character and quit the game? (Confirm with "yes".)

#.# #...........#####
#.# #...........# #.#
#.. ............# #.#
#.# .#########.# #.#
#.# .# #.# #.# #.# .#
#.# #.# #.# .# #..
#.######.#######o#####
#..y
#.............{@ggg...
.....
#.#######.#######g####
#...y. #.# #.# #
#...... #.# ### #.#
#.# #.


You could see a gnoll sergeant, 3 gnolls and an orc.

Vanquished Creatures
  4 hydras
  Sonja (Lair:2)
  12 elephants
  10 cane toads
  A rime drake (Lair:2)
  6 komodo dragons
  A troll (D:6)
  2 hornets
  A redback (Lair:4)
  20 yaks
  2 wyverns
  2 basilisks (Lair:2)
  Grum (D:8)
  A swamp worm (Lair:1)
  An acid dragon (D:9)
  6 water moccasins
  2 black bears
  An orc warrior (D:9)
  2 ice beasts
  3 ogres
  13 wolves
  5 centaurs
  2 kobold brigands
  2 elf zombies (Ossuary)
  8 bullfrogs
  A wyvern zombie (D:8)
  A wyvern skeleton (D:7)
  3 wights (D:6)
  8 killer bees
  2 howler monkeys (D:7)
  2 orc priests
  A hound (D:6)
  A human zombie (Ossuary)
  Crazy Yiuf (D:3)
  3 iguanas
  2 orc wizards
  A hound zombie (Ossuary)
  A hound skeleton (D:5)
  4 mummies (Ossuary)
  An adder (D:5)
  2 white imps (D:6)
  2 adder zombies (Ossuary)
  2 worms
  3 dart slugs
  12 orcs
  A bat (D:3)
  4 endoplasms
  2 giant cockroaches
  3 goblins (D:2)
  3 hobgoblins
  4 jackals (D:2)
  5 quokkas
  6 ball pythons
  3 frilled lizards
  2 gnoll zombies (Ossuary)
  A goblin zombie (Ossuary)
  11 kobolds
  2 kobold zombies (Ossuary)
  3 rats
  A rat zombie (Ossuary)
  2 butterflies (D:5)
215 creatures vanquished.

Vanquished Creatures (others)
  Maggie (D:6)
  A hornet zombie (D:7)
  A wolf (D:8)
  2 scorpions (D:5)
  6 killer bees
  2 wights (D:6)
  39 jellies
  A centaur zombie (D:5)
  An orc priest (D:8)
  2 iguanas
  An orc wizard (D:8)
  2 adders
  An endoplasm (D:2)
  10 orcs
  A goblin (D:4)
  3 hobgoblins
  2 jackals (D:4)
  7 kobolds
  2 quokkas
  A ball python (D:1)
  41 fungi
  98 plants
225 creatures vanquished.

Grand Total: 440 creatures vanquished

Notes
Turn   | Place    | Note
-------+----------+-------------------------------------------
     0 | D:5      | Reached skill level 9 in Stealth
     0 | D:5      | Feb132020 the Gnoll Delver began the quest for the Orb.
     0 | D:5      | Reached XP level 1. HP: 23/23 MP: 1/1
    96 | D:1      | Found Vawycrod's Assorted Antiques.
   154 | D:1      | Reached XP level 2. HP: 20/29 MP: 2/2
   289 | D:1      | You fall into a shaft and drop 1 floor!
   599 | D:1      | Found Cocsiq's Assorted Antiques.
   729 | D:1      | Reached XP level 3. HP: 35/35 MP: 3/3
   892 | D:1      | Found a faded altar of an unknown god.
   897 | D:1      | Became a worshipper of Jiyva Jerif the Shapeless
   897 | D:1      | Reached * piety under Jiyva
  1792 | D:2      | Reached skill level 1 in Invocations
  2148 | D:3      | Reached skill level 1 in Short Blades
  2148 | D:3      | Reached skill level 1 in Long Blades
  2148 | D:3      | Reached skill level 1 in Axes
  2148 | D:3      | Reached skill level 1 in Maces & Flails
  2148 | D:3      | Reached skill level 1 in Staves
  2148 | D:3      | Reached skill level 1 in Slings
  2148 | D:3      | Reached skill level 1 in Bows
  2148 | D:3      | Reached skill level 1 in Crossbows
  2148 | D:3      | Reached skill level 1 in Throwing
  2148 | D:3      | Reached skill level 1 in Armour
  2148 | D:3      | Reached skill level 1 in Shields
  2148 | D:3      | Reached skill level 1 in Unarmed Combat
  2148 | D:3      | Reached skill level 1 in Spellcasting
  2148 | D:3      | Reached skill level 1 in Evocations
  2148 | D:3      | Reached XP level 4. HP: 41/41 MP: 5/5
  2160 | D:3      | Reached ** piety under Jiyva
  2279 | D:3      | Noticed an ogre
  2284 | D:3      | Killed an ogre
  2285 | D:3      | Reached skill level 1 in Conjurations
  2285 | D:3      | Reached skill level 1 in Hexes
  2285 | D:3      | Reached skill level 1 in Summonings
  2285 | D:3      | Reached skill level 1 in Necromancy
  2285 | D:3      | Reached skill level 1 in Translocations
  2285 | D:3      | Reached skill level 1 in Transmutations
  2285 | D:3      | Reached skill level 1 in Fire Magic
  2285 | D:3      | Reached skill level 1 in Ice Magic
  2285 | D:3      | Reached skill level 1 in Air Magic
  2285 | D:3      | Reached skill level 1 in Earth Magic
  2285 | D:3      | Reached skill level 1 in Poison Magic
  2285 | D:3      | Reached XP level 5. HP: 47/47 MP: 7/7
  2393 | D:3      | Found a runed translucent door.
  2394 | D:3      | Noticed Crazy Yiuf
  2400 | D:3      | Killed Crazy Yiuf
  2848 | D:4      | Found a transporter.
  2853 | D:4      | Noticed ccder's ghost (amateur GrEE)
  2902 | D:4      | Identified the +1 leather armour of the Forest {rElec rPois
                  | rF+++ Str-4}
  2913 | D:4      | Found a sacrificial altar of Ru.
  2913 | D:4      | Noticed an ogre
  2917 | D:4      | Killed an ogre
  2918 | D:4      | Reached XP level 6. HP: 53/53 MP: 8/8
  3040 | D:4      | Found a transporter.
  3170 | D:4      | Reached skill level 5 in Polearms
  3170 | D:4      | Reached skill level 5 in Dodging
  3217 | D:4      | Noticed a black bear
  3227 | D:4      | Killed a black bear
  3228 | D:4      | Reached XP level 7. HP: 57/59 MP: 10/10
  3425 | D:5      | You fall into a shaft and drop 3 floors!
  3425 | D:8      | Found a staircase to the Lair.
  3426 | D:8      | Noticed a komodo dragon
  3618 | D:7      | Reached *** piety under Jiyva
  3669 | D:6      | Reached skill level 10 in Stealth
  3669 | D:6      | Reached XP level 8. HP: 29/67 MP: 12/12
  3695 | D:6      | Noticed a troll
  3731 | D:6      | Found a sand-covered staircase.
  3736 | Ossuary  | Entered an ossuary
  3971 | D:6      | Noticed a hornet
  3976 | D:6      | Killed a hornet
  4019 | D:6      | Killed a troll
  4137 | D:6      | You fall into a shaft and drop 3 floors!
  4138 | D:9      | Noticed a hornet
  4138 | D:9      | Noticed a yak
  4138 | D:9      | Noticed a yak
  4138 | D:9      | Noticed a yak
  4168 | D:8      | Noticed a yak
  4168 | D:8      | Noticed Grum
  4168 | D:8      | Noticed a yak
  4168 | D:8      | Noticed a yak
  4218 | D:8      | Noticed a wyvern
  4228 | D:8      | Killed a wyvern
  4229 | D:8      | Reached XP level 9. HP: 7/73 MP: 14/14
  4534 | D:7      | Found a shimmering blue altar of Sif Muna.
  4901 | D:6      | Killed Maggie
  4952 | D:6      | Found a white marble altar of Elyvilon.
  5017 | D:6      | Reached **** piety under Jiyva
  5075 | D:6      | Gained mutation: Your rubbery body absorbs attacks. (AC +1,
                  | EV +1) [Jiyva's grace]
  5090 | D:6      | Found a staircase to the Ecumenical Temple.
  5510 | D:5      | Reached ***** piety under Jiyva
  5569 | D:5      | Found a sparkling altar of Nemelex Xobeh.
  5602 | D:5      | Found a stormy altar of Qazlal.
  5769 | D:5      | Found a shimmering altar of Xom.
  5950 | D:8      | Gained mutation: Your body has grown golden eyes which may
                  | confuse attackers. (Acc +3) [Jiyva's grace]
  6110 | D:8      | Reached skill level 5 in Invocations
  6241 | D:8      | Reached XP level 10. HP: 73/80 MP: 17/17
  6245 | D:8      | Killed Grum
  6355 | Lair:1   | Entered Level 1 of the Lair of Beasts
  6377 | Lair:1   | Reached skill level 5 in Short Blades
  6377 | Lair:1   | Reached skill level 5 in Long Blades
  6377 | Lair:1   | Reached skill level 5 in Axes
  6377 | Lair:1   | Reached skill level 5 in Maces & Flails
  6377 | Lair:1   | Reached skill level 5 in Staves
  6377 | Lair:1   | Reached skill level 5 in Slings
  6377 | Lair:1   | Reached skill level 5 in Bows
  6377 | Lair:1   | Reached skill level 5 in Crossbows
  6377 | Lair:1   | Reached skill level 5 in Throwing
  6377 | Lair:1   | Reached skill level 5 in Armour
  6377 | Lair:1   | Reached skill level 5 in Shields
  6377 | Lair:1   | Reached skill level 5 in Unarmed Combat
  6377 | Lair:1   | Reached skill level 5 in Spellcasting
  6377 | Lair:1   | Reached skill level 5 in Evocations
  6503 | Lair:1   | You fall into a shaft and drop 1 floor!
  6541 | Lair:1   | Noticed a six-headed hydra
  6552 | Lair:1   | Noticed a cane toad
  6569 | Lair:1   | Killed a cane toad
  6598 | Lair:1   | Noticed a cane toad
  6622 | Lair:1   | Killed a cane toad
  6763 | Lair:1   | Noticed a cane toad
  6782 | Lair:1   | Killed a cane toad
  6783 | Lair:1   | Reached skill level 11 in Stealth
  6802 | Lair:1   | Noticed a cane toad
  6813 | Lair:1   | Killed a cane toad
  6895 | Lair:1   | Reached XP level 11. HP: 81/87 MP: 19/19
  6949 | Lair:1   | Noticed a seven-headed hydra
  6953 | Lair:1   | Slimified a seven-headed hydra
  6953 | Lair:1   | Noticed an acid blob
  6953 | Lair:1   | a seven-headed hydra changed into an acid blob
  7185 | Lair:1   | Reached skill level 5 in Conjurations
  7185 | Lair:1   | Reached skill level 5 in Hexes
  7185 | Lair:1   | Reached skill level 5 in Summonings
  7185 | Lair:1   | Reached skill level 5 in Necromancy
  7185 | Lair:1   | Reached skill level 5 in Translocations
  7185 | Lair:1   | Reached skill level 5 in Transmutations
  7185 | Lair:1   | Reached skill level 5 in Fire Magic
  7185 | Lair:1   | Reached skill level 5 in Ice Magic
  7185 | Lair:1   | Reached skill level 5 in Air Magic
  7185 | Lair:1   | Reached skill level 5 in Earth Magic
  7185 | Lair:1   | Reached skill level 5 in Poison Magic
  7283 | Lair:1   | a six-headed hydra changed into a swamp worm
  7350 | Lair:1   | Noticed a four-headed hydra
  7386 | Lair:1   | Killed a four-headed hydra
  7746 | Lair:2   | Noticed a six-headed hydra
  8003 | Lair:3   | Noticed a five-headed hydra
  8014 | Lair:3   | Killed a five-headed hydra
  8367 | Lair:2   | Killed a six-headed hydra
  8493 | Lair:2   | Reached XP level 12. HP: 67/96 MP: 22/22
  8702 | Lair:2   | Noticed Sonja
  8724 | Lair:2   | Noticed an eight-headed hydra
  8738 | Lair:2   | Killed an eight-headed hydra
  9017 | Lair:2   | Killed Sonja
  9370 | D:1      | Bought a glowing robe for 66 gold pieces
  9370 | D:1      | Bought a small marble ring for 90 gold pieces
  9370 | D:1      | Bought a scroll of enchant weapon for 135 gold pieces
  9777 | Lair:4   | Found a hole to the Spider Nest.
  9932 | Lair:4   | Found a staircase to the Shoals.
 10269 | Lair:4   | Reached skill level 10 in Fighting
 10542 | Lair:4   | Upgraded the game from 0.27-a0-1217-g8a41f320e8 to
                  | 0.27-a0-1220-g54dba09ff7
 10746 | D:9      | Noticed Erica
 10837 | D:9      | HP: 4/97 [something (6)]
 10841 | D:9      | Quit the game

Illustrated notes

Levels and vault maps discovered:
D:1:      amcnicky_arrival_choice, layout_loops_ring,
          chequers_ecumenical_altar_lobes, serial_forest,
          infiniplex_forest_straight_1, infiniplex_forest_lined_3,
          infiniplex_forest_zigzag_1, infiniplex_forest_lined_3,
          infiniplex_forest_clump_double, infiniplex_forest_corner_2,
          infiniplex_forest_clump_small, serial_shops, shop,
          nicolae_shop_temple_entry_statues_fountains
D:2:      layout_loops_cross
D:3:      minmay_door_path, layout_basic, uniq_crazy_yiuf_cottage
D:4:      layout_basic, nicolae_ru_sacrificial_ziggurat,
          gammafunk_ghost_stat_death
D:5:      layout_basic, lemuel_doored_altar, old_standard_altar,
          xom_butterflies, mrwooster_statue_mirror, hangedman_decor_riveting
D:6:      layout_rooms, elyvilon_altar_4, temple_hall, enter_ossuary_2,
          uniq_maggie
D:7:      layout_basic, kennysheep_mini_moat, chequers_serial_rivers_micro_a
D:8:      layout_rooms, david_lair_shrubbed, uniq_grum
D:9:      layout_small_grid, tgw_fedhas, lemuel_round_altar, uniq_erica
Lair:1:   layout_long_grid, lemuel_fruit_tree, grunt_megastairs_3
Lair:2:   layout_roguey, uniq_sonja
Lair:3:   layout_roguey, chequers_serial_rivers_micro_d
Lair:4:   layout_loops_ring, minmay_shoals_entry_centaurs,
          spider_nest_entry_webs

Skill      XL: |  1  2  3  4  5  6  7  8  9 10 11 12 |
---------------+-------------------------------------+-----
Stealth        | 10 11 | 11.9
Invocations    | 1 2 3 4 5 6 7 8 |  8.3
Short Blades   | 1 2 3 4 5 6 7 |  7.6
Long Blades    | 1 2 3 4 5 6 7 |  7.6
Axes           | 1 2 3 4 5 6 7 |  7.6
Maces & Flails | 1 2 3 4 5 6 7 |  7.6
Staves         | 1 2 3 4 5 6 7 |  7.6
Slings         | 1 2 3 4 5 6 7 |  7.6
Bows           | 1 2 3 4 5 6 7 |  7.6
Crossbows      | 1 2 3 4 5 6 7 |  7.6
Throwing       | 1 2 3 4 5 6 7 |  7.6
Armour         | 1 2 3 4 5 6 7 |  7.6
Shields        | 1 2 3 4 5 6 7 |  7.6
Unarmed Combat | 1 2 3 4 5 6 7 |  7.6
Spellcasting   | 1 2 3 4 5 6 7 |  7.6
Evocations     | 1 2 3 4 5 6 7 |  7.6
Conjurations   | 1 2 3 4 5 6 |  6.3
Hexes          | 1 2 3 4 5 6 |  6.3
Summonings     | 1 2 3 4 5 6 |  6.3
Necromancy     | 1 2 3 4 5 6 |  6.3
Translocations | 1 2 3 4 5 6 |  6.3
Transmutations | 1 2 3 4 5 6 |  6.3
Fire Magic     | 1 2 3 4 5 6 |  6.3
Ice Magic      | 1 2 3 4 5 6 |  6.3
Air Magic      | 1 2 3 4 5 6 |  6.3
Earth Magic    | 1 2 3 4 5 6 |  6.3
Poison Magic   | 1 2 3 4 5 6 |  6.3
Polearms       | 5 6 7 8 9 |  9.0
Dodging        | 5 6 7 8 9 |  9.0
Fighting       | 7 8 9 10 | 10.0

Action                   |  1- 3 |  4- 6 |  7- 9 | 10-12 || total
-------------------------+-------+-------+-------+-------++-------
Melee: Spear             |   107 |    40 |   374 |   683 ||  1204
       Bite              |     8 |     3 |    23 |    78 ||   112
Invok: Slimify           |       |       |       |     1 ||     1
Evoke: Wand              |       |       |       |     8 ||     8
       Condenser vane    |       |       |       |     2 ||     2
  Use: Scroll            |     3 |     1 |    12 |     7 ||    23
       Potion            |       |       |     1 |     4 ||     5
 Stab: Sleeping          |    14 |     3 |    18 |    10 ||    45
       Distracted        |     3 |       |     1 |     2 ||     6
       Confused          |       |       |       |    10 ||    10
Armor: Leather armour    |     9 |     6 |   112 |    79 ||   206
       Robe              |       |       |       |    39 ||    39
Dodge: Dodged            |    33 |    16 |   153 |   420 ||   622
Block: Kite shield       |       |     9 |   148 |   302 ||   459

Table legend: (Time is in decaauts)
 A = Elapsed time spent in this place.
 B = Non-inter-level travel time spent in this place.
 C = Inter-level travel time spent in this place.
 D = Time resting spent in this place.
 E = Time spent auto-exploring this place.
 F = Levels seen in this place.
 G = Mean time per level.
                   A        B        C        D        E       F      G
               +--------+--------+--------+--------+--------+-----+--------+
         Total |  10725 |   9811 |    914 |     70 |   6380 |  14 |  766.1 |
       Dungeon |   6585 |   6001 |    584 |     53 |   4383 |   9 |  731.7 |
          Lair |   3905 |   3576 |    329 |     16 |   1976 |   4 |  976.2 |
       Ossuary |    233 |    233 |      0 |      0 |     21 |   1 |  233.0 |
               +--------+--------+--------+--------+--------+-----+--------+

Top non-repeatable levels by time:
  Lair:1: 1316 daAuts
     D:1: 1095 daAuts
  Lair:2: 1015 daAuts
     D:2: 1002 daAuts
  Lair:4: 942 daAuts
     D:7: 816 daAuts
     D:8: 809 daAuts
     D:3: 768 daAuts
     D:5: 735 daAuts
     D:6: 636 daAuts
  Lair:3: 631 daAuts
     D:4: 539 daAuts
 Ossuary: 233 daAuts
     D:9: 183 daAuts
